 Dungeon Crawl Stone Soup version 0.30-a0-652-gcc886f7154 (webtiles) character file.

Game seed: 7636369376940506461

56 Orangeyouglad the Conjurer (level 3, -2/18 (22) HPs)
             Began as a Tengu Reaver on Jan 17, 2023.
             Slain by Crazy Yiuf
             ... wielding a +2 quarterstaff of chaos
              (20 damage)
             ... on level 2 of the Dungeon.
             The game lasted 00:02:36 (916 turns).

Orangeyouglad the Conjurer (Tengu Reaver)            Turns: 916, Time: 00:02:37

HP:   -2/18 (22)    AC:  9    Str: 12    XL:     3   Next: 95%
MP:   6/7           EV: 16    Int: 13    God:
Gold: 92            SH:  0    Dex: 14    Spells: 5/6 levels left

rFire   . . .      SeeInvis .    a - +0 falchion
rCold   . . .      Faith    .    (no shield)
rNeg    . . .      Spirit   .    j - +4 ring mail
rPois   .          Reflect  .    (helmet restricted)
rElec   .          Harm     .    (no cloak)
rCorr   .          Rampage  .    (no gloves)
Will    .....                    (boots unavailable)
Stlth   +                        (no amulet)
HPRegen 0.23/turn                (no ring)
MPRegen 0.10/turn                (no ring)

@: agile, heavily drained
A: beak, talons 3
a: no special abilities


You were on level 2 of the Dungeon.
You visited 1 branch of the dungeon, and saw 2 of its levels.

You collected 92 gold pieces.

Inventory:

Hand Weapons
 a - a +0 falchion (weapon)
Armour
 b - a +0 leather armour
 j - a +4 ring mail (worn)
Jewellery
 i - a +5 ring of evasion
Wands
 k - a wand of digging (4)
Scrolls
 d - a scroll of magic mapping {unknown}
 e - a scroll of brand weapon {unknown}
Potions
 c - 2 potions of heal wounds {unknown}
 f - a potion of curing {unknown}
 g - a potion of ambrosia {unknown}
 h - 3 potions of cancellation {unknown}
 l - a potion of degeneration {unknown}
 m - a potion of might {unknown}


   Skills:
 + Level 2.5 Fighting
 + Level 3.7 Long Blades
 + Level 2.8 Dodging
 + Level 2.4 Spellcasting
 + Level 4.5 Conjurations


You had 5 spell levels left.
You knew the following spells:

 Your Spells              Type           Power      Damage    Failure   Level
a - Kiss of Death         Conj/Necr      28%        2d7       22%         1

Your spell library contained the following spells:

 Spells                   Type           Power      Damage    Failure   Level
 Momentum Strike          Conj/Tloc      14%        3d8       32%         2
 Hailstorm                Conj/Ice       7%         3d4       54%         3


Dungeon Overview and Level Annotations

Branches:
Dungeon (2/15)

Altars:

Annotations:
D:2 Crazy Yiuf, Sigmund


Innate Abilities, Weirdness & Mutations

You have a beak for a mouth.
You have claws for feet.


Message History

Jessica is almost dead.
Jessica casts a spell at you. Pain shoots through your body!
Jessica casts a spell.
Jessica seems to speed up.
You barely miss Jessica. You claw Jessica.
You kill Jessica!
Your life force feels restored.
k - a wand of digging (4)
Things that are here:
a +0 club; a +1 robe; the human corpse of Jessica You start resting.
HP restored.
Things that are here:
a +0 club; a +1 robe; the human corpse of Jessica
Found a glowing green potion.
l - a dark potion
m - a puce potion
Found a ring mail.
h - 3 glowing green potions (gained 1)
Found a runed translucent door.
Crazy Yiuf shouts!
Crazy Yiuf yells, "Earwax!
Candle foot foot."
Press: ? - help, v - describe, . - travel, g - get item Item here: a runed hammer.
The floor.
You open the door.
Aiming: Kiss of Death (safe; 22% risk of failure)
Press: ? - help, Q - select action Shift-Dir - straight line, f - Crazy Yiuf
Aim: Crazy Yiuf, wielding a +2 quarterstaff of chaos, wearing a +0 cloak and carrying a wand of light (2) (100% to hit)
The negative energy hits Crazy Yiuf.
Crazy Yiuf is drained!
Crazy Yiuf is moderately wounded.
You feel drained. Crazy Yiuf hits you but does no damage.
You feel agile all of a sudden.
You hit Crazy Yiuf. You peck Crazy Yiuf.
Crazy Yiuf is severely wounded.
Crazy Yiuf hits you but does no damage.
You are electrocuted!!
Ouch! That really hurt!
You die...

##### #..)#
#...# ... #g#
##@# #.## ##.#
#.## ##.## #..
#...## #..#
#....# #..######
##..##
#..#...[###....#


You could see Crazy Yiuf (very drained).

Vanquished Creatures
  Jessica (D:2)
  A worm (D:2)
  A dart slug (D:1)
  A bat (D:1)
  4 endoplasms (D:1)
  2 giant cockroaches (D:1)
  A goblin (D:1)
  2 hobgoblins (D:1)
  2 quokkas
  A ball python (D:1)
  4 frilled lizards (D:1)
  2 kobolds (D:1)
  2 rats
24 creatures vanquished.

Notes
Turn   | Place    | Note
-------+----------+-------------------------------------------
     0 | D:1      | Orangeyouglad the Tengu Reaver began the quest for the Orb.
     0 | D:1      | Reached XP level 1. HP: 12/12 MP: 4/4
    41 | D:1      | Found a faded altar of an unknown god.
   100 | D:1      | Reached XP level 2. HP: 16/17 MP: 6/6
   367 | D:1      | Reached XP level 3. HP: 21/21 MP: 7/7
   701 | D:2      | Noticed Sigmund
   830 | D:2      | Noticed Jessica
   834 | D:2      | Killed Jessica
   910 | D:2      | Found a runed translucent door.
   911 | D:2      | Noticed Crazy Yiuf
   916 | D:2      | Slain by Crazy Yiuf

Illustrated notes

Levels and vault maps discovered:
D:1:      psy_arrival_statuary, layout_loops_ring, basic_ecumenical_altar,
          nicolae_kite_square_tiling_tiny
D:2:      layout_basic, hex_tiny, uniq_sigmund, uniq_crazy_yiuf_cottage,
          uniq_jessica, uniq_terence

Action                   || total
-------------------------++-------
Melee: Falchion          ||    48
       Kick              ||     7
       Peck              ||     5
 Cast: Kiss of Death     ||     2
Armor: Leather armour    ||     6
       Ring mail         ||     3
Dodge: Dodged            ||    27

Table legend: (Time is in decaauts)
 A = Elapsed time spent in this place.
 B = Non-inter-level travel time spent in this place.
 C = Inter-level travel time spent in this place.
 D = Time resting spent in this place.
 E = Time spent auto-exploring this place.
 F = Levels seen in this place.
 G = Mean time per level.
                   A        B        C        D        E       F      G
               +--------+--------+--------+--------+--------+-----+--------+
         Total |    923 |    831 |     92 |    100 |    475 |   2 |  461.5 |
       Dungeon |    923 |    831 |     92 |    100 |    475 |   2 |  461.5 |
               +--------+--------+--------+--------+--------+-----+--------+

Top non-repeatable levels by time:
     D:1: 707 daAuts
     D:2: 215 daAuts
